 Dungeon Crawl Stone Soup version 0.21-a0-349-g0c35859 (webtiles) character file.

17 tidbits the Skirmisher (level 2, 0/29 HPs)
             Began as a Gnoll Chaos Knight on Oct 8, 2017.
             Slain by a warg (8 damage)
             ... on level 2 of the Dungeon.
             The game lasted 00:01:02 (189 turns).

tidbits the Skirmisher (Gnoll Chaos Knight)          Turns: 189, Time: 00:01:03

Health: 0/29       AC:  5    Str: 14    XL:     2   Next: 62%
Magic:  2/2        EV: 12    Int: 14    God:    Xom [......]
Gold:   19         SH:  0    Dex: 14    Spells: 1/1 levels left

rFire    . . .     SeeInvis .   a - +0 falchion (chaos)
rCold    . . .     Gourm    .   (no shield)
rNeg     . . .     Faith    .   b - +2 leather armour
rPois    .         Spirit   .   (no helmet)
rElec    .         Reflect  .   (no cloak)
rCorr    .         Harm     .   (no gloves)
MR       .....                  (no boots)
Stlth    +.........             (no amulet)
HPRegen  0.09/turn              (no ring)
MPRegen  0.08/turn              (no ring)

@: no status effects
A: distributed training, fangs 1, strong nose
a: Renounce Religion


You were on level 2 of the Dungeon.
You worshipped Xom.
You were a very special plaything of Xom.
You were not hungry.

You visited 1 branch of the dungeon, and saw 2 of its levels.

You collected 19 gold pieces.

Inventory:

Hand Weapons
 a - a +0 falchion of chaos (weapon)
 d - a +2 dagger of venom
   (You took it off a goblin on level 1 of the Dungeon)
 g - a cursed -1 hunting sling
Armour
 b - a +2 leather armour (worn)
Scrolls
 e - a scroll of teleportation {unknown}
Potions
 f - a potion of agility {unknown}
Comestibles
 c - 2 bread rations
 h - a meat ration


   Skills:
 + Level 6.5 Fighting
 + Level 0.4 Short Blades
 + Level 6.5 Long Blades
 + Level 0.4 Axes
 + Level 0.4 Maces & Flails
 + Level 0.4 Polearms
 + Level 0.4 Staves
 + Level 0.4 Slings
 + Level 0.4 Bows
 + Level 0.4 Crossbows
 + Level 0.4 Throwing
 + Level 4.5 Armour
 + Level 2.5 Dodging
 + Level 0.4 Stealth
 + Level 0.4 Shields
 + Level 0.4 Unarmed Combat
 + Level 0.4 Spellcasting
 + Level 0.4 Conjurations
 + Level 0.4 Hexes
 + Level 0.4 Charms
 + Level 0.4 Summonings
 + Level 0.4 Necromancy
 + Level 0.4 Translocations
 + Level 0.4 Transmutations
 + Level 0.4 Fire Magic
 + Level 0.4 Ice Magic
 + Level 0.4 Air Magic
 + Level 0.4 Earth Magic
 + Level 0.4 Poison Magic
 + Level 0.4 Invocations
 + Level 0.4 Evocations


You had one spell level left.
You didn't know any spells.

Dungeon Overview and Level Annotations

Branches:
Dungeon (2/15)

Altars:


Innate Abilities, Weirdness & Mutations

Your experience applies equally to all skills.
You have very sharp teeth.
Your uncanny sense of smell can sniff out nearby items.


Message History

Xom makes a sudden noise!
You hear a bellow!
Things that are here:
a club; a hobgoblin corpse You hit the giant cockroach.
You freeze the giant cockroach.
You kill the giant cockroach!
You see here a giant cockroach corpse.
You slash the goblin!
You kill the goblin!
Found a dagger.
You see here a dagger of venom.
You feel a strong urge to attack something.
Found 13 gold pieces.
Found a bread ration.
You feel your anger subside.
You are no longer berserk.
You are exhausted.
You feel yourself slow down.
You now have 13 gold pieces.
c - 2 bread rations (gained 1) Search for what [? for help]? .
You see here a dagger of venom.
d - a dagger of venom You feel yourself speed up.
Found a scroll labeled RYTAISOI CAENG.
Found a stone staircase leading down.
A rat comes into view.
You see here a scroll labeled RYTAISOI CAENG.
e - a scroll labeled RYTAISOI CAENG You open the door.
You recover from your berserk rage.
There is an open door here.
You hit the rat but do no damage. You drain the rat!
You kill the rat!
There is a stone staircase leading down here.
You climb downwards.
A rat and a hobgoblin come into view.
Found 19 poisoned needles and 22 stones.
There is a stone staircase leading up here.
The helpless hobgoblin fails to defend itself.
You hit the hobgoblin.
The hobgoblin is heavily wounded.
The hobgoblin barely misses you.
You riposte.
You hit the hobgoblin. You freeze the hobgoblin.
You kill the hobgoblin!
The rat barely misses you.
You slash the rat! You burn the rat.
You kill the rat!
A rat comes into view.
Found 6 gold pieces and an amethyst potion.
You hit the rat.
You kill the rat!
Found a war axe.
Found a glowing hunting sling and a meat ration.
A rat comes into view.
A hobgoblin comes into view. It is wielding a club.
You see here an amethyst potion.
f - an amethyst potion You hit the hobgoblin.
You freeze the hobgoblin.
The hobgoblin is heavily wounded.
The hobgoblin hits you but does no damage.
You closely miss the hobgoblin. Your bite misses the hobgoblin.
The hobgoblin is heavily wounded.
The hobgoblin hits you with a club.
You hit the hobgoblin.
Frost covers the hobgoblin's body.
The hobgoblin is almost dead.
The hobgoblin misses you.
You hit the hobgoblin but do no damage.
The hobgoblin seems to speed up.
Xom is amused.
The hobgoblin is almost dead.
The hobgoblin hits you but does no damage.
The rat misses you.
You slash the hobgoblin! You burn the hobgoblin.
You kill the hobgoblin!
The rat barely misses you.
You riposte.
You hit the rat.
You kill the rat!
You see here a rat corpse.
You now have 19 gold pieces (gained 6).
You see here a glowing hunting sling.
g - a glowing hunting sling A worm comes into view.
You see here a meat ration.
h - a meat ration You hit the worm.
You bite the worm.
The worm is moderately wounded.
You barely miss the worm.
The worm is moderately wounded.
The worm bites you!
You slash the worm! You freeze the worm. You bite the worm, but do no damage.
The worm is almost dead.
The worm bites you!
* * * LOW HITPOINT WARNING * * *
You hit the worm.
The worm evaporates and reforms as a warg!
The warg is heavily wounded.
The warg bites you.
* * * LOW HITPOINT WARNING * * *
You barely miss the warg.
The warg is heavily wounded.
The warg bites you!
You die...
Xom chortles!

#...)......†.###
#............#
#...†........#
#............#
#............#
#########............#
.....................#
................)....#
......h@.............#
.....................#
.........######+#
.........# .........#
.........# .........#
.........#


You could see a warg.

Vanquished Creatures
  A leopard gecko (D:1)
  A giant cockroach (D:1)
  A goblin (D:1)
  4 hobgoblins
  3 kobolds (D:1)
  5 rats
15 creatures vanquished.

Notes
Turn   | Place    | Note
-------+----------+-------------------------------------------
     0 | D:1      | tidbits the Gnoll Chaos Knight began the quest for the Orb.
     0 | D:1      | Reached XP level 1. HP: 23/23 MP: 1/1
    54 | D:1      | Reached XP level 2. HP: 29/29 MP: 2/2
    83 | D:1      | XOM: potion effect (berserk rage)
    84 | D:1      | XOM: noise
   188 | D:2      | Noticed a warg
   188 | D:2      | a worm changed into a warg
   189 | D:2      | Slain by a warg

Vault maps used:
D:1:      eino_arrival_tree_alley
D:2:      first_bread, uniq_jessica, uniq_terence

Action                   || total
-------------------------++-------
Melee: Falchion          ||    27
       Bite              ||     2
 Stab: Sleeping          ||     2
Armor: Leather armour    ||     3
Dodge: Dodged            ||     8
       Rpst.: Falchion   ||     4

Table legend:
 A = Spawn XP
 B = Non-spawn XP
 C = Spawn XP percentage of total XP
 D = Spawn monster count
 E = Non-spawn monster count
 F = Spawn count percentage of total count
 G = Total turns spent on level
                    A         B        C        D         E        F      G
               +---------+---------+-------+---------+---------+-------+---------
         Total |       0 |      25 |   0.0 |       0 |      15 |   0.0 |   189
               +---------+---------+-------+---------+---------+-------+---------
           D:1 |       0 |      18 |   0.0 |       0 |      10 |   0.0 |   145
           D:2 |       0 |       7 |   0.0 |       0 |       5 |   0.0 |    44
               +---------+---------+-------+---------+---------+-------+---------

Table legend:
 A = Turns spent in this place as a percentage of turns spent in the entire game.
 B = Non-inter-level travel turns spent in this place as a percentage of non-inter-level travel turns spent in the entire game.
 C = Inter-level travel turns spent in this place as a percentage of turns spent in this place.
 D = Turns resting spent in this place as a percentage of non-inter-level travel turns spent in this place.
 E = Turns spent auto-exploring this place as a percentage of non-inter-level travel turns spent in this place.
 F = Non-inter-level travel turns spent in this place divided by the number of levels of this place that you've seen.
                   A       B       C       D       E      F
               +-------+-------+-------+-------+-------+----------------------
         Total | 100.0 | 100.0 |   0.0 |   0.0 |   0.0 |  94.5
       Dungeon | 100.0 | 100.0 |   0.0 |   0.0 |   0.0 |  94.5
               +-------+-------+-------+-------+-------+----------------------

Table legend:
 A = Kills in this place as a percentage of kills in entire the game.
 B = Kills by you in this place as a percentage of kills by you in the entire game.
 C = Kills by friends in this place as a percentage of kills by friends in the entire game.
 D = Other kills in this place as a percentage of other kills in the entire game.
 E = Experience gained in this place as a percentage of experience gained in the entire game.
 F = Experience gained in this place divided by the number of levels of this place that you have seen.
                   A       B       C       D       E      F
               +-------+-------+-------+-------+-------+----------------------
         Total | 100.0 | 100.0 |   N/A |   N/A | 100.0 |  12.5
       Dungeon | 100.0 | 100.0 |   N/A |   N/A | 100.0 |  12.5
               +-------+-------+-------+-------+-------+----------------------

Vault maps used:
D:1:      eino_arrival_tree_alley
D:2:      first_bread, uniq_jessica, uniq_terence
